AoeStats
← Estatico1

Arabia

507600792Analyzed
2v2 RM · 13d ago on Sep 19, 2026· 54m 55s· 4 players
Game mode
Random Map
Map size
Medium (4 player)
Population
200
Speed
Normal
Resources
Standard
Victory
Conquest
Starting age
Dark Age
Ending age
Imperial Age
RankedLock teamsTeams togetherTeam positionsShared explorationLock speedFull tech treeHidden civsTurbo modeCheats
Victory
Defeat
🇦🇷 Celts · Argentina
1176
+18
🇦🇷 Magyars · Argentina
1175
+18
🇦🇹 Ethiopians · Austria
1248
-19
🇩🇪 Franks · Germany
1196
-17
Estatico1
6:45 Loom
9:26 Feudal Age
9:28 Man-at-Arms
22:18 Castle Age
20:27 Double-Bit Axe
26:12 Scale Mail Armor
29:45 Horse Collar
31:09 Wheelbarrow
31:22 Bow Saw
31:18 Stone Mining
31:50 Heavy Plow
39:52 Imperial Age
38:22 Forging
40:01 Iron Casting
40:22 Chain Mail Armor
40:12 Gold Mining
41:11 Conscription
42:30 Blast Furnace
42:23 Elite Woad Raider
45:34 Plate Mail Armor
45:49 Gambesons
45:50 Arson
54:17 Pikeman
^La Nutria Excitadora^
6:59 Loom
10:06 Feudal Age
11:10 Double-Bit Axe
14:03 Horse Collar
22:03 Castle Age
21:07 Fletching
21:18 Padded Archer Armor
22:03 Scale Barding Armor
22:09 Bloodlines
23:02 Town Watch
24:07 Husbandry
26:24 Elite Skirmisher
27:33 Bow Saw
27:26 Heavy Plow
28:08 Chain Barding Armor
35:13 Wheelbarrow
36:10 Leather Archer Armor
39:08 Light Cavalry
41:31 Corvinian Army
44:09 Imperial Age
43:49 Hand Cart
44:22 Cavalier
46:10 Plate Barding Armor
47:09 Hussar
50:57 Paladin
53:05 Crop Rotation
55:42 Conscription
First Sahne
8:58 Feudal Age
9:52 Loom
16:50 Double-Bit Axe
23:43 Castle Age
22:20 Scale Barding Armor
22:26 Forging
33:17 Iron Casting
39:38 Town Watch
41:21 Wheelbarrow
41:08 Husbandry
43:44 Imperial Age
43:50 Imperial Age
42:00 Chain Barding Armor
44:55 Bow Saw
44:20 Cavalier
45:01 Husbandry
47:27 Chemistry
48:29 Plate Barding Armor
49:17 Blast Furnace
54:31 Gold Mining
BobbyBenz
5:41 Loom
9:03 Feudal Age
9:34 Double-Bit Axe
15:06 Horse Collar
15:22 Fletching
25:11 Castle Age
23:37 Gold Mining
25:24 Crossbowman
26:27 Bodkin Arrow
26:40 Thumb Ring
27:57 Ballistics
27:40 Padded Archer Armor
31:15 Bow Saw
31:28 Heavy Plow
35:36 Wheelbarrow
41:47 Imperial Age
42:03 Arbalester
42:45 Bracer
43:56 Chemistry
44:52 Hand Cart
Connection lost

Rejoining the realm…

Still unreachable

The connection could not be restored.

Session expired

The server has moved on; the page needs a fresh start.